[Event "The Kvibergspelen 2024"]
[Site "Kviberg Park Hotel & Conference, Krutvagen 2, Gothenburg, Sweden"]
[Date "2024.09.06"]
[Round "1.1"]
[White "Havner, Arvid"]
[Black "Kucuksari, Kaan"]
[Result "0-1"]
[TimeControl "15 minutes + 5 seconds per move from move one (Round 1 - 4) / 90 minutes + 30 seconds per move from move one (Round 5 - 8)"]
[BlackTitle "IM"]
[WhiteFideId "1769308"]
[BlackFideId "6380166"]
[WhiteElo "1893"]
[BlackElo "2455"]

1. e4 c6 2. d4 d5 3. exd5 cxd5 4.
Bd3 Nc6 5. c3 Nf6 6. Bf4 Bg4 7. Nf3 e6 8. Nbd2 Bd6 9. Bxd6 Qxd6 10. O-O O-O 11. Qb3 Qc7 12. Rae1 Rab8 13. Ne5 Nxe5 14. dxe5 Nd7 15. f4 Nc5 16.
Qc2 Nxd3 17. Qxd3 Qb6+ 18. Qe3 Qxb2 19. h3 Bf5 20. g4 Bc2 21. f5 Rbc8 22. f6 Qxc3 23. Qg5 Qg3+ 24. Kh1 Qxh3+ 25. Kg1 Qg3+ 26. Kh1 Qh3+ 27. Kg1 Qh6 28. Qxh6 gxh6 29. Rf3 Kh8 30. Rg3 Rg8 31. Nf3 Rc3 32. Kf2 Be4 33. Nd2 Rxg3 34.
Kxg3 Bf5 0-1

[Event "The Kvibergspelen 2024"]
[Site "Kviberg Park Hotel & Conference, Krutvagen 2, Gothenburg, Sweden"]
[Date "2024.09.06"]
[Round "1.2"]
[White "Sorensen, Hampus"]
[Black "Sandberg, Lucas"]
[Result "1-0"]
[TimeControl "15 minutes + 5 seconds per move from move one (Round 1 - 4) / 90 minutes + 30 seconds per move from move one (Round 5 - 8)"]
[WhiteTitle "IM"]
[WhiteFideId "8703884"]
[BlackFideId "1773712"]
[WhiteElo "2420"]
[BlackElo "1887"]

1. e4 c5 2. Nf3 d6 3. d4 cxd4 4. Qxd4 Nf6 5. Nc3 Nc6 6. Qd3 g6 7. Nd5 Bg7 8. c3 O-O 9. Bg5 Nxd5 10.
exd5 Bf5 11. Qd2 Ne5 12. Nxe5 Bxe5 13. Be2 Rc8 14. O-O Re8 15. Rfe1 Qa5 16. Bf1 a6 17. a4 Bf6 18. Be3 e5 19.
b4 Qc7 20. c4 a5 21. bxa5 Qd7 22. c5 Qe7 23. a6 e4 24. axb7 Qxb7 25. c6 1-0

[Event "The Kvibergspelen 2024"]
[Site "Kviberg Park Hotel & Conference, Krutvagen 2, Gothenburg, Sweden"]
[Date "2024.09.06"]
[Round "1.3"]
[White "Torkkeli, Ted"]
[Black "Arman, Deniz"]
[Result "0-1"]
[TimeControl "15 minutes + 5 seconds per move from move one (Round 1 - 4) / 90 minutes + 30 seconds per move from move one (Round 5 - 8)"]
[BlackTitle "FM"]
[WhiteFideId "1737724"]
[BlackFideId "6302106"]
[WhiteElo "1884"]
[BlackElo "2348"]

1. e4 Nf6 2. e5 Nd5 3.
d4 d6 4.
c4 Nb6 5. exd6 exd6 6. Bd3 Be7 7. Ne2 O-O 8. O-O Be6 9. Qc2 h6 10. Nd2 Re8 11. Nf4 Bd7 12. Nf3 Bg4 13. Be4 Nc6 14.
Be3 Bf6 15. h3 Bxf3 16. Bxf3 Nxd4 17. Bxd4 Bxd4 18. Bxb7 Rb8 19. Bc6 Re7 20. Rae1 Rxe1 21. Rxe1 Qh4 22. Re4 Qf6 23. b3 g6 24.
Qe2 Kg7 25. Qg4 Kh7 26. h4 h5 27. Qg5 Rf8 28. Qxf6 Bxf6 29. g3 Kg7 30. Nd5 Nxd5 31. cxd5 a5 32. Kf1 Bc3 33. Re7 Bb4 34.
Rxc7 Rb8 35. Re7 Kf6 36. Re4 Bc5 37. f3 Kg7 38. Ke2 Rd8 39. g4 Rh8 40. g5 Rb8 41. Kd3 Kf8 42. Ke2 Bb4 43.
Kd3 Bc5 44. Ke2 Rc8 45. Kd3 Rc7 46. Re8+ Kg7 47. Re4 Bb4 48. Kc4 f6 49. Re6 fxg5 50. hxg5 Bd2 51. Rxd6 Bxg5 52. Re6 h4 53.
Re2 Bf4 54. Kb5 h3 55. Re1 h2 56. Kxa5 Bd2+ 0-1

[Event "The Kvibergspelen 2024"]
[Site "Kviberg Park Hotel & Conference, Krutvagen 2, Gothenburg, Sweden"]
[Date "2024.09.06"]
[Round "1.4"]
[White "Lindberg, Bengt"]
[Black "Westlund, Tim"]
[Result "1-0"]
[TimeControl "15 minutes + 5 seconds per move from move one (Round 1 - 4) / 90 minutes + 30 seconds per move from move one (Round 5 - 8)"]
[WhiteTitle "IM"]
[WhiteFideId "1700359"]
[BlackFideId "1754718"]
[WhiteElo "2337"]
[BlackElo "1882"]

1. e4 e5 2. Nf3 Nf6 3. Nc3 Nc6 4. a3 d5 5.
Bb5 Nxe4 6. Qe2 Nxc3 7. Qxe5+ Be7 8. Qxc3 O-O 9. Bxc6 bxc6 10. Qxc6 Bg4 11. Ne5 Bf5 12. O-O Re8 13. d4 Qd6 14.
Qc3 Bf6 15. Bf4 Qe7 16. Rfe1 Qd8 17. b4 Bxe5 18. Bxe5 Bd7 19. Qg3 f6 20. Bxc7 Qc8 21. c3 Qb7 22. Bd6 Re6 23. Rxe6 Bxe6 24.
a4 Rc8 25. Bc5 Re8 26. Re1 Qd7 27. b5 Bf7 28. Rxe8+ Qxe8 29. Qe3 Qxe3 30. fxe3 Bg6 31. Bxa7 Bd3 32. Kf2 Bc4 33. Ke1 f5 34. Kd2 g6 35. Kc1 Kf7 36. Kb2 Ke6 37. Ka3 Kd7 38. Kb4 Kc8 39. Kc5 Kb7 40. Bb6 h6 41.
Bd8 h5 42. a5 Kb8 43. Kb6 Ka8 44. a6 Bf1 45. g3 Bc4 46. Ka5 Kb8 47. b6 Ka8 48. Be7 g5 49. Bxg5 h4 50. gxh4 f4 51.
exf4 Kb8 52. f5 Bd3 53. f6 1-0

[Event "The Kvibergspelen 2024"]
[Site "Kviberg Park Hotel & Conference, Krutvagen 2, Gothenburg, Sweden"]
[Date "2024.09.06"]
[Round "1.5"]
[White "Andersson, Stig"]
[Black "Ostlund, Joar"]
[Result "0-1"]
[TimeControl "15 minutes + 5 seconds per move from move one (Round 1 - 4) / 90 minutes + 30 seconds per move from move one (Round 5 - 8)"]
[BlackTitle "FM"]
[WhiteFideId "1731971"]
[BlackFideId "1735020"]
[WhiteElo "1881"]
[BlackElo "2335"]

1. d4 d5 2. Nf3 Nf6 3. e3 c5 4. c3 e6 5. Bd3 Bd6 6. Nbd2 Nbd7 7. O-O O-O 8. Re1 e5 9. e4 cxd4 10.
exd5 dxc3 11. bxc3 Nc5 12. Ne4 Nfxe4 13. Bxe4 f5 14. Bc2 e4 15. Ng5 Qf6 16. Be3 h6 17.
Nh3 b6 18. Bd4 Be5 19. Nf4 Bxd4 20. cxd4 Nb7 21. Bb3 Nd6 22. Ne6 Rf7 23. Rc1 Bb7 24. Rc7 Rxc7 25. Nxc7 Rc8 26. Ne6 Nc4 27.
Bxc4 Rxc4 28. Qh5 Rc8 29. Nf4 g5 30. Qg6+ Qxg6 31. Nxg6 Kf7 32. Ne5+ Ke7 33. f3 Bxd5 34. fxe4 Bxe4 35.
h4 Rc2 36. Nf3 Kf6 37. hxg5+ hxg5 0-1

[Event "The Kvibergspelen 2024"]
[Site "Kviberg Park Hotel & Conference, Krutvagen 2, Gothenburg, Sweden"]
[Date "2024.09.06"]
[Round "1.6"]
[White "Ernst, Thomas"]
[Black "Simpson, Liam"]
[Result "1/2-1/2"]
[TimeControl "15 minutes + 5 seconds per move from move one (Round 1 - 4) / 90 minutes + 30 seconds per move from move one (Round 5 - 8)"]
[WhiteTitle "GM"]
[WhiteFideId "1700065"]
[BlackFideId "1778048"]
[WhiteElo "2261"]
[BlackElo "1881"]

1. e4 e6 2. d4 d5 3. Nd2 c5 4. exd5 Qxd5 5. Ngf3 cxd4 6. Bc4 Qd6 7. O-O Nf6 8. Nb3 Nc6 9. Nbxd4 Nxd4 10.
Nxd4 Be7 11. c3 O-O 12. Qf3 Qc7 13. Bb3 a5 14. a4 Bd7 15. Bg5 Bc6 16. Nxc6 Qxc6 17. Qh3 Qb6 18. Bc2 g6 19.
Rab1 Nd5 20. Bxe7 Nxe7 21. b4 Nd5 22. Be4 axb4 23. Bxd5 exd5 24. Rxb4 Qc6 25. Qd3 Rfc8 26. Qd4 Qxc3 27. Qxc3 Rxc3 28. Rxb7 Rxa4 29. Rd7 d4 30. g3 d3 31.
Rd1 Ra2 32. R7xd3 Rxd3 33. Rxd3 Kg7 34. Kg2 h5 35. h4 Ra5 36. Kf3 Rf5+ 37. Ke2 Ra5 38. Rd7 Ra2+ 39. Kf3 Ra4 40. Kg2 Ra2 41.
Rb7 1/2-1/2

[Event "The Kvibergspelen 2024"]
[Site "Kviberg Park Hotel & Conference, Krutvagen 2, Gothenburg, Sweden"]
[Date "2024.09.06"]
[Round "1.7"]
[White "Thomasson, Staffan"]
[Black "Grahn, Vidar"]
[Result "0-1"]
[TimeControl "15 minutes + 5 seconds per move from move one (Round 1 - 4) / 90 minutes + 30 seconds per move from move one (Round 5 - 8)"]
[BlackTitle "FM"]
[WhiteFideId "1706284"]
[BlackFideId "1744780"]
[WhiteElo "1877"]
[BlackElo "2219"]

1. c4 e6 2. g3 d5 3. Bg2 d4 4. Nf3 Nc6 5. a3 a5 6. d3 Nge7 7. O-O Nf5 8. Nbd2 Be7 9. Ne4 O-O 10.
Bf4 f6 11. Bd2 e5 12. Rb1 a4 13. c5 Be6 14. b4 axb3 15. Qc1 g6 16. Bb4 Nxb4 17. axb4 Qd7 18. Nfd2 Qa4 19. Nc4 Qxb4 20.
Ned2 Bxc4 21. dxc4 Ra3 22. Bxb7 Rb8 23.
Bd5+ Kg7 24. g4 Nh6 25. h3 Qc3 26. Qxa3 Qxd2 27. Rxb3 Rxb3 28. Qxb3 f5 29. gxf5 Nxf5 30. Qb8 Qg5+ 31.
Kh2 Qf4+ 32. Kh1 Ng3+ 33. Kg2 Nxf1 34. Kxf1 Bh4 35. Qxc7+ Kh6 36. Qf7 Bf6 37. c6 e4 38. c7 e3 39. Qf8+ Kg5 40. Bf3 Qxc7 41. h4+ Kf5 42.
c5 g5 43. h5 exf2 44. Kxf2 Qh2+ 45. Ke1 Qg1+ 46. Kd2 Qe3+ 47. Ke1 Qc3+ 48. Kf2 d3 49.
Qc8+ Ke5 50. Qc7+ Kd4 51. e3+ Kc4 52. c6 d2 53. Qf7+ Kb4 54. Bd1 Be5 55. Qxh7 Qxc6 56. Qb1+ Ka5 57. Qa2+ Kb6 58. Qxd2 Qf6+ 59. Ke2 g4 60. Qb4+ Kc7 61.
Qxg4 Qa6+ 62. Kf2 Qa2+ 63. Be2 Qf7+ 64. Qf3 Qe7 65. Qf5 Qh4+ 66. Kf1 Bg3 67. Qf7+ Kd6 68. Qg6+ Ke7 69. h6 Qh1# 0-1

[Event "The Kvibergspelen 2024"]
[Site "Kviberg Park Hotel & Conference, Krutvagen 2, Gothenburg, Sweden"]
[Date "2024.09.06"]
[Round "1.8"]
[White "Nord, Alexander"]
[Black "Frisk, Anders"]
[Result "1-0"]
[TimeControl "15 minutes + 5 seconds per move from move one (Round 1 - 4) / 90 minutes + 30 seconds per move from move one (Round 5 - 8)"]
[WhiteTitle "CM"]
[WhiteFideId "1738135"]
[BlackFideId "1718797"]
[WhiteElo "2209"]
[BlackElo "1871"]

1. d4 f5 2. Nf3 Nf6 3. g3 g6 4. Bg2 Bg7 5. O-O d6 6. c4 O-O 7. b4 c6 8. Bb2 Na6 9. Qb3 e6 10. a4 Nc7 11. Nbd2 Ne4 12.
Rad1 d5 13. Ne5 a6 14. cxd5 exd5 15. Nxe4 fxe4 16. Bxe4 Bh3 17. Bg2 Bxg2 18. Kxg2 h5 19. Nxg6 Rf6 20. Ne5 Rf5 21. Nf3 Ne6 22.
e4 Rxf3 23. Qxf3 Ng5 24. Qxh5 Nxe4 25. f3 Nf6 26. Qg6 Qd6 27. Bc3 Rf8 28. Rde1 b6 29. Re5 Qc7 30. Rfe1 1-0

[Event "The Kvibergspelen 2024"]
[Site "Kviberg Park Hotel & Conference, Krutvagen 2, Gothenburg, Sweden"]
[Date "2024.09.06"]
[Round "1.9"]
[White "Green, David"]
[Black "Andersson, Johan"]
[Result "0-1"]
[TimeControl "15 minutes + 5 seconds per move from move one (Round 1 - 4) / 90 minutes + 30 seconds per move from move one (Round 5 - 8)"]
[WhiteFideId "1769332"]
[BlackFideId "1703935"]
[WhiteElo "1869"]
[BlackElo "2158"]

1. e4 d6 2. d4 Nf6 3. Nc3 c6 4. Nf3 Bg4 5. Be2 e6 6. O-O d5 7. Bg5 Be7 8. e5 Nfd7 9. Bxe7 Qxe7 10.
Qd2 O-O 11. Rad1 c5 12. Nb5 Nc6 13. c3 a6 14. Nd6 b5 15. Qf4 Bxf3 16. Bxf3 f6 17. exf6 Rxf6 18. Qg3 Rg6 19. Bg4 Rxg4 20.
Qxg4 Qxd6 21. Rfe1 Re8 22. Re3 Nf6 23. Qg5 Ne4 24. Qh5 Rf8 25. f3 Nf6 26. Qh3 Re8 27. Rde1 Kf7 28. dxc5 Qxc5 29.
Kh1 Qd6 30. g4 h6 31. Qh4 Qf4 32. Qf2 Nxg4 0-1

[Event "The Kvibergspelen 2024"]
[Site "Kviberg Park Hotel & Conference, Krutvagen 2, Gothenburg, Sweden"]
[Date "2024.09.06"]
[Round "1.10"]
[White "Muntean, Victor"]
[Black "Lappas Lonnermark, Johannes"]
[Result "1-0"]
[TimeControl "15 minutes + 5 seconds per move from move one (Round 1 - 4) / 90 minutes + 30 seconds per move from move one (Round 5 - 8)"]
[WhiteFideId "1054414"]
[BlackFideId "1773437"]
[WhiteElo "2158"]
[BlackElo "1862"]

1. e4 e6 2. d4 d5 3. e5 c5 4. c3 Nc6 5. Nf3 Qb6 6. Bd3 cxd4 7. O-O Bd7 8.
Re1 Nge7 9. h4 Rc8 10. Nbd2 dxc3 11. bxc3 Qc7 12. Nb3 Ng6 13. Qe2 Be7 14. h5 Nh4 15. Nxh4 Bxh4 16. Qg4 Nxe5 17. Rxe5 Bxf2+ 18. Kxf2 Qxe5 19.
Be3 O-O 20. Bd4 1-0

[Event "The Kvibergspelen 2024"]
[Site "Kviberg Park Hotel & Conference, Krutvagen 2, Gothenburg, Sweden"]
[Date "2024.09.06"]
[Round "1.11"]
[White "Dingertz, Filip"]
[Black "Mashhadi, Peyman"]
[Result "0-1"]
[TimeControl "15 minutes + 5 seconds per move from move one (Round 1 - 4) / 90 minutes + 30 seconds per move from move one (Round 5 - 8)"]
[WhiteFideId "1757288"]
[BlackFideId "1768581"]
[WhiteElo "1858"]
[BlackElo "2148"]

1. c4 g6 2. Nc3 Bg7 3. g3 d6 4.
Bg2 Nf6 5. e4 O-O 6. Nge2 c5 7. O-O Nc6 8. d3 a6 9. h3 Rb8 10. a4 Ne8 11. Be3 Nd4 12. a5 b6 13. axb6 Rxb6 14.
Na4 Rb8 15. Nxd4 cxd4 16. Bd2 Bd7 17. b4 Nc7 18. Qc2 Bc6 19. Rfc1 Ba8 20. c5 d5 21. Nb6 e6 22. Bf4 e5 23.
Bd2 dxe4 24. Nxa8 Nxa8 25. dxe4 Nc7 26. Bf1 Qc8 27. Kh2 Kh8 28. Ra5 f5 29. Kg2 Qe6 30. Bc4 Qc6 31. Bd3 Rf7 32.
f3 Rbf8 33. Rf1 h5 34. h4 f4 35. Be1 Bh6 36. Bc4 Rf6 37. g4 hxg4 38. fxg4 f3+ 39. Kh1 Be3 40. Qh2 Qxe4 41. Bf2 Bxf2 42.
Qxf2 Qxg4 43. Rg1 Qh3+ 44. Qh2 Qxh2+ 45. Kxh2 e4 46. Ra2 e3 47. Kg3 e2 48. Bxe2 fxe2 49. Rxe2 Nd5 50. Rd2 Rf3+ 51. Kg2 Ne3+ 52. Kh2 Nf1+ 0-1

[Event "The Kvibergspelen 2024"]
[Site "Kviberg Park Hotel & Conference, Krutvagen 2, Gothenburg, Sweden"]
[Date "2024.09.06"]
[Round "1.12"]
[White "Frank, Anton"]
[Black "Wang, Dawen"]
[Result "1-0"]
[TimeControl "15 minutes + 5 seconds per move from move one (Round 1 - 4) / 90 minutes + 30 seconds per move from move one (Round 5 - 8)"]
[WhiteFideId "1752383"]
[BlackFideId "1756320"]
[WhiteElo "2142"]
[BlackElo "1856"]

1. e4 c6 2. d4 d5 3. e5 c5 4. c3 Nc6 5. Be2 Bf5 6. Nf3 cxd4 7. Nxd4 Nxd4 8. cxd4 a6 9. Nc3 e6 10. Qa4+ Qd7 11. Bb5 axb5 12. Qxa8+ Ke7 13. a4 f6 14.
axb5 fxe5 15. dxe5 Kf7 16. Ra7 Ne7 17. Rxb7 Qe8 18. Rb8 Qd7 19. Bg5 d4 20. Rb7 Qe8 21. Qxe8+ Kxe8 22. Ne2 d3 23.
Nd4 Be4 24. Rb8+ Kf7 25. O-O h6 26. Bxe7 Kxe7 27. Ra1 Kf7 28. Nc6 Kg6 29. Kf1 Kf5 30. Raa8 Bb4 31. Rxh8 d2 32. Ke2 Bd3+ 33.
Kd1 Bc4 34. Rhd8 Bb3+ 35. Ke2 Bc4+ 36. Kf3 Bd5+ 37. Rxd5 exd5 38. Ke2 Bc5 39. Kxd2 g5 40. b4 1-0

[Event "The Kvibergspelen 2024"]
[Site "Kviberg Park Hotel & Conference, Krutvagen 2, Gothenburg, Sweden"]
[Date "2024.09.06"]
[Round "1.13"]
[White "Kleist, Axel"]
[Black "Rajcevski, Dejan"]
[Result "0-1"]
[TimeControl "15 minutes + 5 seconds per move from move one (Round 1 - 4) / 90 minutes + 30 seconds per move from move one (Round 5 - 8)"]
[WhiteFideId "1764322"]
[BlackFideId "1759027"]
[WhiteElo "1855"]
[BlackElo "2131"]

1. e4 c5 2. a3 d6 3. Bc4 e6 4. Nc3 Nf6 5. f4 a6 6. d3 b5 7. Ba2 Bb7 8. Nf3 Be7 9. O-O O-O 10.
Qe1 Nc6 11. h3 Re8 12. g4 d5 13. e5 Nd7 14. Qg3 b4 15. axb4 Nxb4 16. Bb1 Bf8 17. Nd1 d4 18. c3 Nd5 19.
c4 Nb4 20. Nf2 Qc7 21. g5 Be7 22. Ng4 Kh8 23. Rf2 f5 24. gxf6 gxf6 25. Rg2 Rg8 26. Qh4 Bxf3 27. exf6 Nxf6 28.
Nxf6 Rxg2+ 29. Kf1 Bxf6 30. Qxf6+ Qg7 0-1

[Event "The Kvibergspelen 2024"]
[Site "Kviberg Park Hotel & Conference, Krutvagen 2, Gothenburg, Sweden"]
[Date "2024.09.06"]
[Round "1.14"]
[White "Nilsson, Patrik"]
[Black "Lindholm, Marcus"]
[Result "1-0"]
[TimeControl "15 minutes + 5 seconds per move from move one (Round 1 - 4) / 90 minutes + 30 seconds per move from move one (Round 5 - 8)"]
[WhiteFideId "1708171"]
[BlackFideId "1743473"]
[WhiteElo "2124"]
[BlackElo "1853"]

1. d4 d5 2. Bf4 Nf6 3. e3 e6 4. Nd2 c5 5. c3 Nc6 6. Ngf3 h6 7. Ne5 cxd4 8. exd4 Qb6 9. Qb3 Be7 10.
Qxb6 axb6 11. Bd3 O-O 12. O-O Ne8 13. Bb5 Nxe5 14. Bxe5 Nd6 15. Bd3 Bd7 16. c4 dxc4 17. Nxc4 Nxc4 18.
Bxc4 Rfc8 19. Rfc1 b5 20. Bb3 Rxc1+ 21. Rxc1 Bc6 22. Rc2 Rd8 23. Rd2 Bd6 24. Bxd6 Rxd6 25. f3 Kf8 26. Kf2 Ke7 27.
Ke3 Kd7 28. Bc2 Bd5 29. b3 Bc6 30. Bd3 Ke7 31. Rc2 Kd7 32. Rc5 Rd5 33. Be4 Rxc5 34. dxc5 Bxe4 35. Kxe4 Kc6 36. b4 Kd7 37.
f4 Ke7 38. Ke5 f6+ 39. Kd4 Kd7 40. g4 g6 41. h4 h5 42. g5 Ke7 43. gxf6+ Kxf6 44. Ke4 Kf7 45. Ke5 Ke7 46. a3 Kf7 47. Kd6 Kf6 48. Kc7 Kf5 49.
Kxb7 Kxf4 50. c6 e5 51.
c7 1-0

[Event "The Kvibergspelen 2024"]
[Site "Kviberg Park Hotel & Conference, Krutvagen 2, Gothenburg, Sweden"]
[Date "2024.09.06"]
[Round "1.15"]
[White "Lehtonen, Ture"]
[Black "Berling, Egil"]
[Result "1-0"]
[TimeControl "15 minutes + 5 seconds per move from move one (Round 1 - 4) / 90 minutes + 30 seconds per move from move one (Round 5 - 8)"]
[WhiteFideId "1712446"]
[BlackFideId "1781197"]
[WhiteElo "2099"]
[BlackElo "1837"]

1. d4 d5 2. Nf3 Nf6 3. g3 e6 4. Bg2 b5 5. O-O Bb7 6. a4 b4 7. a5 a6 8. c3 bxc3 9. bxc3 Nbd7 10. Qa4 Bd6 11. Ne5 O-O 12.
Nc6 Qe8 13. c4 Nb6 14. axb6 Bxc6 15. Qa5 dxc4 16. b7 Bxg2 17. bxa8=Q Qxa8 18. Re1 Bh3 19. f3 Rb8 20. Ba3 Rb5 21.
Qc3 Qd5 22. Nd2 e5 23. Bxd6 exd4 24. Qxc4 Qxd6 25. Rec1 Rb2 26. Rxa6 Qe7 27. Ra8+ Ne8 28. Ne4 h6 29. Qxd4 Rxe2 30.
Qd8 Rxe4 31. fxe4 1-0

[Event "The Kvibergspelen 2024"]
[Site "Kviberg Park Hotel & Conference, Krutvagen 2, Gothenburg, Sweden"]
[Date "2024.09.06"]
[Round "1.16"]
[White "Madevan Vaishnavi, Yaashvan"]
[Black "Andersson, Robert"]
[Result "0-1"]
[TimeControl "15 minutes + 5 seconds per move from move one (Round 1 - 4) / 90 minutes + 30 seconds per move from move one (Round 5 - 8)"]
[WhiteFideId "1772180"]
[BlackFideId "1703226"]
[WhiteElo "1831"]
[BlackElo "2098"]

1. e4 c5 2. c3 a6 3. d4 cxd4 4. cxd4 d5 5. e5 Nc6 6. Nf3 Bg4 7. Be3 e6 8. Nbd2 Be7 9. h3 Bxf3 10.
Nxf3 h5 11. h4 Nh6 12. Bxh6 Rxh6 13. a3 g6 14. Qd2 Rh8 15. Be2 Qa5 16. Qxa5 Nxa5 17. Rc1 Kd7 18. Rc3 Rhc8 19. Kd2 Rxc3 20.
bxc3 Bxa3 21. Ng5 Ke8 22. g4 hxg4 23. h5 Be7 24. f4 gxf3 25. Nxf3 gxh5 26. Rxh5 Rc8 27. Rh8+ Kd7 28. Rh7 Rf8 29.
Bd3 Ke8 30. Ke3 Rg8 31. Be2 b5 32. Nh2 Nc6 33. Ng4 Nb8 34. Nh6 Bg5+ 35. Kd3 Bxh6 36. Rxh6 Nd7 37. Bh5 Ke7 38. Rh7 Rf8 39.
Kc2 Nb6 40. Kb3 a5 41. Be2 Nc4 42. Bd3 0-1

[Event "The Kvibergspelen 2024"]
[Site "Kviberg Park Hotel & Conference, Krutvagen 2, Gothenburg, Sweden"]
[Date "2024.09.06"]
[Round "1.17"]
[White "Sjoholm, Emil"]
[Black "Roosvald, Filip"]
[Result "1-0"]
[TimeControl "15 minutes + 5 seconds per move from move one (Round 1 - 4) / 90 minutes + 30 seconds per move from move one (Round 5 - 8)"]
[WhiteFideId "1720449"]
[BlackFideId "1767976"]
[WhiteElo "2092"]
[BlackElo "1824"]

1. e4 c6 2. d4 d5 3. Nc3 dxe4 4. Nxe4 Nf6 5. Nxf6+ exf6 6. c3 Bd6 7. Bd3 O-O 8. Qc2 Re8+ 9. Ne2 h6 10. Be3 Be6 11. O-O-O Bxa2 12.
b3 Qa5 13. Kd2 Qa3 14. Ra1 Qxb3 15. Qxa2 Qb6 16. Qa5 Nd7 17. Rhb1 Qxa5 18. Rxa5 b6 19. Ra6 c5 20. Rba1 cxd4 21.
Bxd4 Nc5 22. Bxc5 Bxc5 23. Rxa7 Rxa7 24. Rxa7 Bxf2 25. Bc4 Rd8+ 26. Kc2 b5 27. Bxf7+ Kh7 28. Ra1 Rb8 29. Rb1 Bc5 30.
Nf4 g5 31. Nd3 Bd6 32. h3 Kg7 33. Bd5 f5 34. Bc6 Kf6 35. Bxb5 Ra8 36. Bc4 g4 37. Rb6 Rd8 38.
hxg4 fxg4 39. Nf2 Kf5 40. Nd3 h5 41. Rb5+ Kg6 42. Nf2 Bf4 43. Bd3+ Kh6 44. Ne4 Be3 45. Nf6 Bg5 46. Nh7 Be3 47. Re5 Bf4 48. Re6+ Kg7 49. Nf6 Rh8 50. Nd5 Bg3 51. Ne3 Bf2 52.
Nf5+ Kf8 53. Bc4 Rh7 54. Rc6 1-0

[Event "The Kvibergspelen 2024"]
[Site "Kviberg Park Hotel & Conference, Krutvagen 2, Gothenburg, Sweden"]
[Date "2024.09.06"]
[Round "1.18"]
[White "Tronsson, Martin"]
[Black "Schriever-Abeln, Marius"]
[Result "0-1"]
[TimeControl "15 minutes + 5 seconds per move from move one (Round 1 - 4) / 90 minutes + 30 seconds per move from move one (Round 5 - 8)"]
[WhiteFideId "1775057"]
[BlackFideId "1752650"]
[WhiteElo "1787"]
[BlackElo "2069"]

1. e4 c5 2. Nf3 e6 3.
d4 cxd4 4. Nxd4 a6 5. Bd3 Bc5 6. Nb3 Ba7 7. Nc3 Nc6 8. O-O Nf6 9. Qe2 d6 10. Be3 b5 11. a3 Bxe3 12. Qxe3 Bb7 13.
f4 Qc7 14. Rad1 Ng4 15. Qg3 Qb6+ 16. Kh1 Ne3 17. Qxg7 Nxd1 18. Rxd1 Rf8 19. f5 O-O-O 20. fxe6 fxe6 21. Qg4 Qf2 22.
Qxe6+ Kb8 23. Nd5 Rg8 24. Rg1 Ne5 25. Qe7 Nf3 26. Qc7+ Ka7 27. Qb6+ Qxb6 28. Nxb6 Nxg1 29. Nd5 Bxd5 30.
exd5 Nf3 31. gxf3 Rde8 32. Be4 Re7 33.
Nd4 Reg7 34. Ne2 Rg2 35. Bd3 Rf2 0-1

[Event "The Kvibergspelen 2024"]
[Site "Kviberg Park Hotel & Conference, Krutvagen 2, Gothenburg, Sweden"]
[Date "2024.09.06"]
[Round "1.19"]
[White "Wahlstrom, Lennart"]
[Black "Svensson, Bengt"]
[Result "1-0"]
[TimeControl "15 minutes + 5 seconds per move from move one (Round 1 - 4) / 90 minutes + 30 seconds per move from move one (Round 5 - 8)"]
[WhiteFideId "1706829"]
[BlackFideId "1722891"]
[WhiteElo "2058"]
[BlackElo "1783"]

1. e4 e5 2. Nf3 Nc6 3. d4 exd4 4. Nxd4 Nf6 5. Nxc6 bxc6 6. Bd3 d5 7. exd5 cxd5 8. O-O Be7 9. c4 c6 10. Nc3 O-O 11. cxd5 cxd5 12. Bg5 Be6 13.
Re1 Rb8 14. Qc2 h6 15. Bh4 Qb6 16. Rab1 Rfc8 17. Qe2 Re8 18. Bb5 Red8 19. Bg3 Bd6 20. Bxd6 Rxd6 21. Bd3 Re8 22. Qd2 Bd7 23.
Rxe8+ Bxe8 24. Rd1 Bc6 25. Re1 Bb7 26. Bf5 Qd8 27. Nb5 Ra6 28. a3 Bc8 29. Bxc8 Qxc8 30.
Nd4 Ne4 31. Qd3 Nc5 32. Qb5 Ne6 33. Nf5 Nc7 34. Qd3 Kh8 35. Rc1 Qd7 36. Rxc7 Qxc7 37. Qxa6 Qc1+ 38. Qf1 Qf4 39. Ng3 d4 40.
Ne2 Qd2 41. b4 d3 42. Nc1 Qb2 43. Nxd3 Qxa3 44. g3 Qc3 45. Qd1 Qd4 46. Qc2 Qe4 47. Qc3 Qb7 48. Nc5 Qb5 49. Qd4 a5 50. Qd8+ Kh7 51. Qd3+ 1-0

[Event "The Kvibergspelen 2024"]
[Site "Kviberg Park Hotel & Conference, Krutvagen 2, Gothenburg, Sweden"]
[Date "2024.09.06"]
[Round "1.20"]
[White "Yang, Mandi"]
[Black "Krilovs, Nikolajs"]
[Result "0-1"]
[TimeControl "15 minutes + 5 seconds per move from move one (Round 1 - 4) / 90 minutes + 30 seconds per move from move one (Round 5 - 8)"]
[WhiteFideId "1774778"]
[BlackFideId "11603100"]
[WhiteElo "1782"]
[BlackElo "2054"]

1. e4 c6 2. Nc3 d5 3. Nf3 Bg4 4.
h3 Bxf3 5. Qxf3 e6 6. Be2 d4 7. Nb1 Nd7 8. d3 Bd6 9. g3 Ne7 10. O-O h5 11. Qg2 h4 12. g4 e5 13. Nd2 Ng6 14. Nc4 Qc7 15. c3 c5 16. Bd2 b5 17.
Nxd6+ Qxd6 18. cxd4 cxd4 19. Rac1 O-O 20. Bd1 Rac8 21. Bb3 Nc5 22. Bb4 Nf4 23. Qf3 Nfxd3 24. Bxc5 Nxc5 25. Bd5 Ne6 26.
Qb3 b4 27. Rc4 Rxc4 28. Bxc4 a5 29. Bd5 Nf4 30. Bc4 a4 31. Qf3 Rc8 32. b3 axb3 33. axb3 Ra8 34. Rc1 d3 35. Kf1 d2 36.
Rd1 Qd4 37. Qe3 Ra1 38. Be2 Rxd1+ 39. Bxd1 Qxe3 40. fxe3 Nxh3 41. Ke2 Ng5 42. Kxd2 h3 0-1

[Event "The Kvibergspelen 2024"]
[Site "Kviberg Park Hotel & Conference, Krutvagen 2, Gothenburg, Sweden"]
[Date "2024.09.06"]
[Round "1.21"]
[White "Eriksson, Kristian"]
[Black "Lappas, Georgios"]
[Result "1-0"]
[TimeControl "15 minutes + 5 seconds per move from move one (Round 1 - 4) / 90 minutes + 30 seconds per move from move one (Round 5 - 8)"]
[WhiteFideId "1705172"]
[BlackFideId "1722484"]
[WhiteElo "2051"]
[BlackElo "1773"]

1. e4 c5 2. Nc3 e6 3. Nf3 Nc6 4. Bb5 Nge7 5. O-O a6 6. Bxc6 Nxc6 7. d4 cxd4 8. Nxd4 Bc5 9. Nb3 Be7 10.
Be3 b5 11. f4 d6 12. Qg4 Bf6 13. Rad1 h5 14. Qe2 Qc7 15. Rd2 Bb7 16. Rfd1 O-O-O 17. Qf2 Qe7 18. Bb6 Ne5 19. Bxd8 Rxd8 20.
fxe5 Bxe5 21. Na5 Qc7 22. Nxb7 Qxb7 23. Qe3 Qc7 24. Ne2 1-0